 Dungeon Crawl Stone Soup version 0.22-a0-369-gc73351f (webtiles) character file.

91 JeffiDaFish the Grave Robber (level 4, 0/30 HPs)
             Began as a Vampire Necromancer on Apr 24, 2018.
             Slain by a rat (3 damage)
             ... on level 2 of the Dungeon.
             The game lasted 00:05:49 (2987 turns).

JeffiDaFish the Grave Robber (Vampire Necromancer)  Turns: 2987, Time: 00:05:50

Health: 0/30       AC:  3    Str:  7    XL:     4   Next: 34%
Magic:  0/8        EV: 12    Int: 18    God:
Gold:   81         SH:  0    Dex: 14    Spells: 3/8 levels left

rFire    . . .     SeeInvis +   b - +0 short sword
rCold    + . .     Gourm    .   (no shield)
rNeg     + + .     Faith    .   a - +1 robe
rPois    +         Spirit   .   (no helmet)
rElec    .         Reflect  .   (no cloak)
rCorr    .         Harm     .   (no gloves)
MR       .....     Rnd*Tele +   (no boots)
Stlth    +++.......             (no amulet)
HPRegen  0.05/turn              e - ring of teleportation
MPRegen  0.11/turn              (no ring)

@: regenerating slowly
A: fangs 3, hooves 1, see invisible, berserk 1, unbreathing, MP-powered wands
a: Bat Form


You were on level 2 of the Dungeon.
You were near bloodless.

You visited 1 branch of the dungeon, and saw 2 of its levels.

You collected 81 gold pieces.

Inventory:

Hand Weapons
 b - a +0 short sword (weapon)
Armour
 a - a +1 robe (worn)
Jewellery
 e - a ring of teleportation (left hand)
 h - an uncursed ring of magical power {unknown}
Scrolls
 d - a scroll of identify
 f - a scroll of enchant weapon {unknown}
 g - a scroll of teleportation
Potions
 c - 7 potions of blood


   Skills:
 - Level 2.1 Dodging
 - Level 3.0 Stealth
 + Level 2.9 Spellcasting
 * Level 5.9 Necromancy


You had 3 spell levels left.
You knew the following spells:

 Your Spells              Type           Power        Failure   Level  Hunger
a - Pain                  Necr           ###.         1%          1    None
b - Animate Skeleton      Necr           N/A          1%          1    None
c - Vampiric Draining     Necr           ###.......   4%          3    ###....


Dungeon Overview and Level Annotations

Branches:
Dungeon (2/15)

Altars:

Annotations:
D:2 Sigmund


Innate Abilities, Weirdness & Mutations

You heal slowly.
You have razor-sharp teeth.
You have supernaturally acute eyesight. (SInv)
You can survive without breathing.
You have large cloven feet.
You tend to lose your temper in combat.
You expend magic power (3 MP) to strengthen your wands.


Message History

Sigmund is moderately wounded.
You feel life coursing into your body. Sigmund gestures at you while chanting.
The magic dart hits you! The rat bites you.
Casting: Vampiric Draining (safe; 4% risk of failure)
Confirm with . or Enter, or press ? or * to list all spells.
You don't have enough magic to cast that spell.
Casting: Vampiric Draining (safe; 4% risk of failure)
Confirm with . or Enter, or press ? or * to list all spells.
Aiming: Pain (safe; 1% risk of failure)
Press: ? - help, Shift-Dir - straight line, f/p - Sigmund
Aim: Sigmund, wielding a scythe and wearing a robe (moderately wounded, chance to defeat MR: 88%) Sigmund writhes in agony!
Sigmund closely misses you. The rat bites you but does no damage.
You hit Sigmund but do no damage. Your kick misses Sigmund.
Sigmund is heavily wounded.
Sigmund hits you with a scythe!
* * * LOW HITPOINT WARNING * * *
The rat bites you.
You die...

.>.## ##.#
###.###.##
.#
.....#.##
.# ###...##
.# # #
#..##
##.####.# #
#..#
##....... #
#.># =.....
# #...
########r.#
# #.#..
......@@..#
# #...#
########.##
# #..## #.#
# ## #.# #
#.# #
####.# #
#....# #
#)#### #
### #.#


You could see Sigmund and a rat.

Vanquished Creatures
  Natasha (twice) (D:2)
  A leopard gecko (D:1)
  6 bats
  3 giant cockroaches
  10 goblins
  4 hobgoblins
  2 ball pythons (D:1)
  A frilled lizard (D:2)
  7 kobolds
  5 rats
41 creatures vanquished.

Notes
Turn   | Place    | Note
-------+----------+-------------------------------------------
     0 | D:1      | JeffiDaFish the Vampire Necromancer began the quest for the Orb.
     0 | D:1      | Reached XP level 1. HP: 13/13 MP: 3/3
    26 | D:1      | Learned a level 1 spell: Animate Skeleton
   348 | D:1      | Gained mutation: You expend magic power (3 MP) to strengthen your wands. [potion of mutation]
   348 | D:1      | Gained mutation: You tend to lose your temper in combat. [potion of mutation]
   348 | D:1      | Gained mutation: You have large cloven feet. [potion of mutation]
   414 | D:1      | Reached XP level 2. HP: 16/19 MP: 0/5
   954 | D:1      | Reached skill level 5 in Necromancy
  1375 | D:1      | Reached XP level 3. HP: 23/24 MP: 2/6
  1430 | D:1      | Learned a level 3 spell: Vampiric Draining
  2220 | D:2      | Noticed Natasha
  2229 | D:2      | Killed Natasha
  2412 | D:2      | Noticed Natasha
  2417 | D:2      | HP: 1/24 [Natasha (7)]
  2418 | D:2      | Killed Natasha
  2418 | D:2      | Reached XP level 4. HP: 2/30 MP: 0/8
  2980 | D:2      | Noticed Sigmund
  2987 | D:2      | Slain by a rat

Vault maps used:
D:1:      kennysheep_arrival_forest, minmay_tetromino_o4
D:2:      first_ration, uniq_natasha, uniq_sigmund

Skill      XL: |  1  2 |
---------------+-------+-----
Necromancy     | 5 |  5.9
Dodging        | |  2.1
Stealth        | |  3.0
Spellcasting   | |  2.9

Action                   |  1- 3 |  4- 6 || total
-------------------------+-------+-------++-------
Melee: Short sword       |    78 |     1 ||    79
       Bite              |     7 |       ||     7
       Kick              |    11 |       ||    11
 Cast: Pain              |    37 |     4 ||    41
       Vampiric Draining |     3 |     2 ||     5
  Use: Scroll            |     6 |       ||     6
       Potion            |     4 |     1 ||     5
 Stab: Sleeping          |     5 |       ||     5
Armor: Robe              |    18 |     1 ||    19
Dodge: Dodged            |    54 |     4 ||    58

Table legend:
 A = Spawn XP
 B = Non-spawn XP
 C = Spawn XP percentage of total XP
 D = Spawn monster count
 E = Non-spawn monster count
 F = Spawn count percentage of total count
 G = Total turns spent on level
                    A         B        C        D         E        F      G
               +---------+---------+-------+---------+---------+-------+---------
         Total |       0 |     131 |   0.0 |       0 |      41 |   0.0 |  2987
               +---------+---------+-------+---------+---------+-------+---------
           D:1 |       0 |      45 |   0.0 |       0 |      28 |   0.0 |  1593
           D:2 |       0 |      86 |   0.0 |       0 |      13 |   0.0 |  1394
               +---------+---------+-------+---------+---------+-------+---------
